 Dungeon Crawl Stone Soup version 0.31-a0-263-ge8cad7f256 (webtiles) character file.

Game seed: 8696139520774652399

33481 lessens the Brawler (level 13, -2/128 HPs)
             Began as a Troll Shapeshifter on July 14, 2023.
             Was a High Priest of Trog.
             Slain by a blink frog (15 damage)
             ... on level 2 of the Lair of Beasts.
             The game lasted 00:24:12 (13239 turns).

lessens the Brawler (Troll Shapeshifter)           Turns: 13239, Time: 00:24:12

Health: -2/128     AC: 12    Str: 32    XL:     13   Next: 37%
Magic:  0/12       EV: 14    Int:  4    God:    Trog [*****.]
Gold:   2082       SH:  0    Dex: 10    Spells: 12/12 levels left

rFire   . .          .
                       - Unarmed
rCold   . . .        U - orb of the Arcane {mayhem, rPois}
rNeg    . . .        O - +0 acid dragon scales
rPois   +            (helmet currently unavailable)
rElec   .            (cloak currently unavailable)
rCorr   +            (gloves unavailable)
SInv    .            (boots unavailable)
Will    ++...        h - amulet of Rumedud {Spirit Str+2}
Stlth   +            t - +5 ring of evasion
HPRegen 2.21/turn    N - +4 ring of protection
MPRegen 0.13/turn

%: mayhem, guardian spirit
@: beast-form, strong-willed, regenerating
A: beast (slay +5), large, unfitting armour, claws 3, regeneration 1, shaggy fur
1, tough skin 1
a: Begin Untransformation, Renounce Religion, Berserk, Trog's Hand, Brothers in
Arms


You were on level 2 of the Lair of Beasts.
You worshipped Trog.
Trog was extremely pleased with you.
You were a hulking beast.
You visited 3 branches of the dungeon, and saw 16 of its levels.
You also visited: Bailey, Gauntlet and Ice Cave.

You collected 2864 gold pieces.
You spent 782 gold pieces at shops.

Inventory:

Missiles
 l - 173 stones
 p - 40 poisoned darts
 z - 4 curare-tipped darts
Armour
 a - a +1 animal skin
 O - +0 acid dragon scales (worn)
 T - a +2 cloak of stealth
 U - the orb of the Arcane (worn) {mayhem, rPois}
   (You took it off a minotaur in a Gauntlet)

   rPois:     It protects you from poison.
 X - an orb of wrath
Jewellery
 h - the amulet of Rumedud (around neck) {Spirit Str+2}
   (You acquired it in a bailey)

   [amulet of guardian spirit]

   It causes incoming damage to be divided between your reserves of health and
   magic.
   Str:       It affects your strength (+2).
 t - a +5 ring of evasion (left claw)
 y - an amulet of regeneration
 G - a ring of flight
 N - a +4 ring of protection (right claw)
 Q - a ring of positive energy
 S - a +6 ring of strength
 Z - an amulet of faith
Talismans
 c - a beast talisman
 L - a serpent talisman
Wands
 n - a wand of polymorph (12)
 D - a wand of light (10)
 E - a wand of flame (28)
 V - a wand of iceblast (5)
 W - a wand of charming (4)
Scrolls
 d - a scroll of brand weapon {unknown}
 e - 8 scrolls of teleportation
 f - 2 scrolls of fog
 g - a scroll of torment {unknown}
 i - 2 scrolls of enchant weapon
 k - 5 scrolls of enchant armour
 s - 2 scrolls of blinking
 u - 2 scrolls of poison {unknown}
 v - 7 scrolls of noise {unknown}
 A - 4 scrolls of fear
 C - a scroll of vulnerability {unknown}
 I - 2 scrolls of summoning {unknown}
 K - 3 scrolls of amnesia {unknown}
Potions
 b - 3 potions of lignification
 j - 8 potions of curing
 m - 3 potions of enlightenment
 o - 3 potions of berserk rage
 q - 9 potions of heal wounds
 r - 4 potions of brilliance
 w - 4 potions of attraction
 x - 4 potions of mutation
 B - 2 potions of invisibility
 F - 2 potions of haste {unknown}
 H - 2 potions of resistance
 J - 2 potions of might {unknown}
 R - 2 potions of ambrosia
Miscellaneous
 Y - a lightning rod (4/4)


   Skills:
 + Level 8.3 Fighting
 - Level 1.5 Dodging
 * Level 19.0 Unarmed Combat
 - Level 7.7 Shapeshifting


You had 12 spell levels left.
You didn't know any spells.
Your spell library contained the following spells:

 Spells                   Type           Power      Damage    Failure   Level
 Foxfire                  Conj/Fire      0%         2x1d4     56%         1
 Plasma Beam              Fire/Air       0%         2x1d10    100%        6
 Starburst                Conj/Fire      0%         6d3       100%        6


Dungeon Overview and Level Annotations

Branches:
Dungeon (12/15) Zot: 25714  Temple (1/1) D:4 Zot: 5930    Lair (3/5) D:8 Zot: 17047
    Orc (0/2) D:11         Bailey (visited)           IceCv (visited)
Gauntlet (visited)
  Swamp: Lair:2-3    Shoals: Lair:2-3     Snake: Lair:2-3    Spider: Lair:2-3

Altars:
Gozag
Makhleb
Qazlal
Trog
Uskayaw
Vehumet

Shops:
D:8 *   D:9 [   D:10 :   D:12 (:!

Portals:
Trove: D:11 (give +3 storm dragon scales)

Annotations:
D:6 3 runed translucent doors, knightboat's ghost, novice OgSh
D:7 3 runed translucent doors, Starbright's ghost, novice FoVM


Innate Abilities, Weirdness & Mutations

You are a hulking beast.
Your limbs bulge with bestial killing power. (Slay +5)
You are too large for most types of armour.
You have claws for hands.
Your natural rate of healing is unusually fast.
You are covered in fur. (AC +1)
You have tough skin. (AC +1)


Message History

Trog accepts your kill.
The blink frog croaks.
You barely miss the water moccasin.
The blink frog croaks.
The water moccasin bites you!
* * * LOW HITPOINT WARNING * * *
The blink frog croaks.
Okay, then.
The water moccasin attacks as you move away!
The water moccasin misses you.
The blink frog gives a loud, deep croak!
The water moccasin closely misses you.
You completely miss the blink frog.
The blink frog is moderately wounded.
The blink frog hits the water moccasin!
You scratch the blink frog.
The blink frog is heavily wounded.
The water moccasin bites you but does no damage.
The blink frog closely misses the water moccasin.
Your skin crawls.
You feel strong-willed.
The blink frog hits the water moccasin!
The water moccasin closely misses the blink frog.
The blink frog blinks!
The blink frog closely misses you.
The water moccasin closely misses the blink frog.
You claw the water moccasin!
You kill the water moccasin!
Trog accepts your kill. The blink frog hits you!
* * * LOW HITPOINT WARNING * * *
The blink frog closely misses you.
You closely miss the blink frog.
The blink frog is moderately wounded.
The blink frog completely misses you.
You claw the blink frog!
The blink frog is almost dead.
The blink frog hits you!
* * * LOW HITPOINT WARNING * * *
The blink frog hits you!
You die...

..........§.......
........
.................
##P..... #..F..P##...P.
####.P. #.. #......PP.##
#...?# #... #......††..#
#.#..##
#....##..$.......# ##.!.
#...........##.†.## #...
....##......#.F..# #.#.
P#.....#......††h.##...
####
..###.#.......#.†.......
##..P.#P.....##.........
.............######.....
.............P..# #....
................. ....
................. ..(.
.............##### ..#..
............####.##.#.


You could see a neutral blink frog (fast, strong, insane).

Vanquished Creatures
  An orc warlord (Bailey)
  A minotaur (Gauntlet)
  Fannar (D:12)
  A hydra (Lair:3)
  An ice dragon (IceCv)
  A centaur warrior (D:9)
  Erica (Lair:1)
  A boulder beetle (D:11)
  3 two-headed ogres
  Urug (D:12)
  Sonja (D:12)
  A skyshark (Lair:3)
  An orange crystal statue (Gauntlet)
  A deep elf pyromancer (D:12)
  An ugly thing (D:11)
  3 manticores
  A cyclops (D:12)
  2 ice statues (IceCv)
  A rust devil (Gauntlet)
  A gargoyle (D:12)
  3 cane toads
  A kobold demonologist (D:12)
  6 rime drakes
  9 komodo dragons
  3 trolls
  A hornet (D:8)
  3 blink frogs (Lair:2)
  Sigmund (D:2)
  2 wraiths
  27 yaks
  4 wyverns
  A ynoxinul (Gauntlet)
  3 shadows (Gauntlet)
  3 hogs (D:9)
  A human (D:9)
  4 acid dragons
  11 water moccasins
  4 black bears
  18 orc warriors
  A sky beast (D:7)
  An ogre (D:7)
  2 centaurs (D:9)
  3 phantoms
  2 kobold brigands
  5 bullfrogs
  4 scorpions
  7 wights
  5 lindwurm simulacra (IceCv)
  An elephant simulacrum (Lair:1)
  4 howler monkeys
  A jelly (D:5)
  9 komodo dragon simulacra (IceCv)
  4 hounds (D:5)
  9 orc priests
  A sleepcap (D:4)
  3 iron imps (Gauntlet)
  4 iguanas
  10 orc wizards
  3 acid dragon simulacra (IceCv)
  15 adders
  10 gnolls
  2 shadow imps
  A white imp (D:7)
  2 steam dragon simulacra (IceCv)
  3 worms
  A dart slug (D:1)
  48 orcs
  8 ball pythons
  6 bats
  11 endoplasms
  3 giant cockroaches
  21 goblins
  12 hobgoblins
  11 jackals
  23 kobolds
  6 quokkas
  3 frilled lizards
  2 rats
397 creatures vanquished.

Vanquished Creatures (collateral kills)
  An ugly thing (D:12)
  3 blink frogs (Lair:2)
  3 yaks
  A komodo dragon simulacrum (IceCv)
  A steam dragon simulacrum (IceCv)
9 creatures vanquished.

Vanquished Creatures (others)
  A rime drake (IceCv)
1 creature vanquished.

Grand Total: 407 creatures vanquished

Notes
Turn   | Place    | Note
-------+----------+-------------------------------------------
     0 | D:1      | lessens the Troll Shapeshifter began the quest for the Orb.
     0 | D:1      | Reached XP level 1. HP: 19/19 MP: 0/0
   137 | D:1      | Reached XP level 2. HP: 27/27 MP: 1/1
   164 | D:1      | You fall into a shaft and drop 1 floor!
   806 | D:2      | Reached XP level 3. HP: 27/33 MP: 2/2
   818 | D:2      | Reached skill level 3 in Unarmed Combat
   829 | D:2      | Noticed Sigmund
   919 | D:2      | Reached XP level 4. HP: 41/41 MP: 3/3
  1189 | D:2      | Killed Sigmund
  1190 | D:2      | Reached skill level 4 in Unarmed Combat
  1190 | D:2      | Reached XP level 5. HP: 46/48 MP: 4/4
  1190 | D:2      | Reached XP level 6. HP: 53/55 MP: 5/5
  1401 | D:2      | Found a radiant altar of Vehumet.
  2100 | D:3      | Reached skill level 5 in Unarmed Combat
  2802 | D:4      | Reached skill level 5 in Shapeshifting
  2909 | D:4      | Reached skill level 6 in Unarmed Combat
  2909 | D:4      | Reached XP level 7. HP: 62/62 MP: 6/6
  3022 | D:4      | Found a stormy altar of Qazlal.
  3117 | D:4      | Found a staircase to the Ecumenical Temple.
  3250 | Temple   | Entered the Ecumenical Temple
  3307 | Temple   | Became a worshipper of Trog the Wrathful
  3450 | D:4      | Reached skill level 7 in Unarmed Combat
  3861 | D:5      | Entered Level 5 of the Dungeon
  3908 | D:5      | Reached skill level 8 in Unarmed Combat
  4233 | D:5      | Reached XP level 8. HP: 66/70 MP: 7/7
  4283 | D:5      | Reached * piety under Trog
  4575 | D:5      | Reached skill level 9 in Unarmed Combat
  4907 | D:6      | Reached skill level 10 in Unarmed Combat
  5090 | D:6      | Reached ** piety under Trog
  5091 | D:6      | Reached XP level 9. HP: 76/76 MP: 8/8
  5490 | D:6      | Found a runed translucent gate.
  5491 | D:6      | Found a runed translucent gate.
  5491 | D:6      | Noticed knightboat's ghost (novice OgSh)
  5492 | D:6      | Found a runed translucent gate.
  5662 | D:7      | Reached skill level 11 in Unarmed Combat
  5697 | D:7      | Found a flagged portal.
  5707 | Bailey   | Entered a bailey
  5893 | Bailey   | Reached skill level 12 in Unarmed Combat
  5958 | Bailey   | Noticed an orc warlord
  6019 | Bailey   | Killed an orc warlord
  6020 | Bailey   | Reached skill level 5 in Fighting
  6022 | Bailey   | Reached XP level 10. HP: 97/97 MP: 9/9
  6022 | Bailey   | Reached *** piety under Trog
  6118 | Bailey   | Acquired 1223 gold pieces
  6120 | Bailey   | Acquired the amulet of Rumedud {Spirit Str+2}
  6189 | D:7      | Found a runed translucent gate.
  6202 | D:7      | Found a runed translucent gate.
  6203 | D:7      | Found a runed translucent gate.
  6209 | D:7      | Noticed Starbright's ghost (novice FoVM)
  6784 | D:8      | Noticed a two-headed ogre
  6794 | D:8      | Killed a two-headed ogre
  6930 | D:8      | Found a staircase to the Lair.
  7317 | D:8      | Paralysed by a hornet for 1 turns
  7480 | D:8      | Found Didghan's General Store.
  7490 | D:8      | Bought a scroll of fog for 52 gold pieces
  7490 | D:8      | Bought a scroll of teleportation for 39 gold pieces
  7490 | D:8      | Bought a scroll of blinking for 97 gold pieces
  8001 | D:9      | Reached skill level 13 in Unarmed Combat
  8001 | D:9      | Reached XP level 11. HP: 110/111 MP: 10/10
  8044 | D:9      | Found Teluzit's Specialty Armours.
  8044 | D:9      | Noticed a centaur warrior
  8047 | D:9      | Killed a centaur warrior
  8650 | D:9      | Reached **** piety under Trog
  8839 | D:10     | Entered Level 10 of the Dungeon
  9288 | D:10     | Found Comouvuw's Book Emporium.
  9379 | D:11     | Found a staircase to the Orcish Mines.
  9449 | D:11     | Noticed a boulder beetle
  9457 | D:11     | Noticed a two-headed ogre
  9463 | D:11     | Killed a boulder beetle
  9464 | D:11     | Reached skill level 14 in Unarmed Combat
  9467 | D:11     | Killed a two-headed ogre
  9502 | D:11     | Found a portal to a secret trove of treasure.
  9782 | D:11     | Noticed a two-headed ogre
  9790 | D:11     | Killed a two-headed ogre
  9832 | D:11     | Noticed a green ugly thing
  9837 | D:11     | Killed a green ugly thing
 10129 | D:12     | Found Nushruzuf's Book Emporium.
 10155 | D:12     | Reached ***** piety under Trog
 10285 | D:12     | Found Quithrej's Distillery.
 10301 | D:12     | Bought a potion of resistance for 110 gold pieces
 10301 | D:12     | Bought 2 potions of ambrosia for 176 gold pieces
 10301 | D:12     | Bought a potion of enlightenment for 55 gold pieces
 10301 | D:12     | Bought a potion of mutation for 88 gold pieces
 10301 | D:12     | Bought a potion of heal wounds for 55 gold pieces
 10301 | D:12     | Bought a potion of berserk rage for 55 gold pieces
 10301 | D:12     | Bought a potion of heal wounds for 55 gold pieces
 10356 | D:12     | Noticed a deep elf pyromancer
 10359 | D:12     | Noticed Fannar
 10362 | D:12     | Noticed Sonja
 10365 | D:12     | Killed a deep elf pyromancer
 10366 | D:12     | Reached skill level 15 in Unarmed Combat
 10375 | D:12     | Killed Sonja
 10386 | D:12     | Killed Fannar
 10387 | D:12     | Reached XP level 12. HP: 39/119 MP: 6/11
 10501 | D:12     | Noticed Urug
 10507 | D:12     | Killed Urug
 11138 | D:12     | Found Juimibra's Antique Weapon Boutique.
 11267 | D:12     | Reached skill level 16 in Unarmed Combat
 11420 | Lair:1   | Entered Level 1 of the Lair of Beasts
 11459 | Lair:1   | Found a frozen archway.
 11553 | Lair:1   | Found a gate leading to a gauntlet.
 11562 | Gauntlet | Entered a Gauntlet
 11562 | Gauntlet | Found a transporter.
 11565 | Gauntlet | Found a transporter.
 11567 | Gauntlet | Found a transporter.
 11582 | Gauntlet | Found a transporter.
 11584 | Gauntlet | Found a transporter.
 11586 | Gauntlet | Noticed a death scarab
 11593 | Gauntlet | Found a transporter.
 11606 | Gauntlet | Noticed a death scarab
 11612 | Gauntlet | Found a transporter.
 11617 | Gauntlet | Found a runed translucent door.
 11619 | Gauntlet | Found a transporter.
 11621 | Gauntlet | Found a runed translucent door.
 11622 | Gauntlet | Noticed a quicksilver ooze
 11629 | Gauntlet | Found a transporter.
 11629 | Gauntlet | Noticed a green death
 11643 | Gauntlet | Found a transporter.
 11652 | Gauntlet | Found a transporter.
 11657 | Gauntlet | Found a transporter.
 11730 | Gauntlet | Found a transporter.
 11786 | Gauntlet | Identified the orb of the Arcane {mayhem, rPois}
 11786 | Gauntlet | Noticed a minotaur
 11791 | Gauntlet | Killed a minotaur
 11792 | Gauntlet | Reached skill level 17 in Unarmed Combat
 11806 | Gauntlet | Identified the +2 pair of gloves of the Morning Star {rC+
                  | Int+3}
 11896 | IceCv    | Entered an ice cave
 12173 | IceCv    | Noticed an ice dragon
 12328 | IceCv    | Killed an ice dragon
 12507 | Lair:1   | Received a gift from Trog
 12509 | Lair:1   | Reached skill level 18 in Unarmed Combat
 12548 | Lair:1   | Reached XP level 13. HP: 127/127 MP: 12/12
 12691 | Lair:1   | Noticed Erica
 12702 | Lair:1   | Killed Erica
 12808 | Lair:2   | You fall into a shaft and drop 1 floor!
 13226 | Lair:2   | Reached skill level 19 in Unarmed Combat
 13239 | Lair:2   | Slain by a blink frog

Illustrated notes

Levels and vault maps discovered:
D:1:      nzn_arrival_settlement, layout_loops_ring
D:2:      layout_basic, serial_glass, glass_columns_c, glass_columns_a,
          basic_altar, minmay_goblin_kobold_house, uniq_sigmund
D:3:      layout_basic, serial_rivers, chequers_serial_rivers_micro_a,
          chequers_serial_rivers_large_b, chequers_serial_rivers_large_a,
          chequers_serial_rivers_marsh, chequers_serial_rivers_small_3,
          chequers_serial_rivers_micro_e, minmay_misc_feat_secret_circle
D:4:      layout_basic, grunt_qazlal_clouds, temple_doors_e,
          hangedman_abyss_or_decor_passed, minmay_unequal
D:5:      kennysheep_six_static_rooms, layout_basic, st_stairs_9,
          cheibrodos_gnoll_hut
D:6:      layout_basic, biasface_ghost_orc_armoury,
          chequers_serial_rivers_small_b
D:7:      layout_loops_ring, enter_bailey_2, gammafunk_ghost_split
D:8:      layout_basic, dpeg_oklobed_lair, serial_shops, shop,
          kennysheep_generic_room_9
D:9:      layout_basic, grunt_livestock, dreamdust_mushroom_princess,
          nicolae_barding_shop
D:10:     layout_cave_pools, serial_shops, kennysheep_little_box
D:11:     layout_long_grid, orc_0_dummy, nicolae_trove_entry_crystal
D:12:     layout_irregular_city, serial_shops, shop, shop,
          nicolae_stop_n_shop_1, minivault_23, uniq_urug, uniq_fannar,
          uniq_sonja
Temple:   mainiacjoe_temple_archimedes_tessellation
Lair:1:   layout_big_grid, portal_ice_cave_entry_ice_simulacra,
          gauntlet_entry_generic, beast_lair_carwin_9, uniq_erica
Lair:2:   layout_regular_city, minmay_swamp_entry_worms, serial_bayou_shore_b
Lair:3:   layout_chaotic_city, spider_nest_entry_funnel_web

Skill      XL: |  1  2  3  4  5  6  7  8  9 10 11 12 13 |
---------------+----------------------------------------+-----
Unarmed Combat | 3 4 6 8 10 12 13 15 18 19 | 19.0
Shapeshifting  | 4 5 7 |  7.7
Fighting       | 5 8 |  8.3
Dodging        | |  1.5

Action                     |  1- 3 |  4- 6 |  7- 9 | 10-12 | 13-15 || total
---------------------------+-------+-------+-------+-------+-------++-------
  Melee: Unarmed           |    63 |   128 |   261 |   429 |    90 ||   971
         Punch             |     1 |     4 |     7 |    21 |       ||    33
         Constrict         |       |       |       |     2 |       ||     2
 Invoke: Berserk           |       |       |     1 |     1 |       ||     2
         Trog's Hand       |       |       |       |     1 |     1 ||     2
         Brothers in Arms  |       |       |       |     1 |       ||     1
Ability: Begin Untransform |       |       |       |     2 |       ||     2
    Use: Scroll            |       |       |     6 |     6 |       ||    12
         Potion            |       |       |     1 |     2 |       ||     3
   Stab: Sleeping          |     1 |       |     1 |       |       ||     2
         Invisible         |       |       |     3 |       |       ||     3
 Armour: Animal skin       |    32 |    32 |    28 |    17 |       ||   109
         Acid dragon scale |       |       |       |    65 |    26 ||    91
         Skin              |       |       |       |     3 |       ||     3
  Dodge: Dodged            |    47 |    65 |   132 |   305 |    45 ||   594
         Form:             |     1 |       |       |       |       ||     1
         Beast             |     1 |       |       |     1 |       ||     2
         Anaconda          |       |       |       |     1 |       ||     1

Table legend: (Time is in decaauts)
 A = Elapsed time spent in this place.
 B = Non-inter-level travel time spent in this place.
 C = Inter-level travel time spent in this place.
 D = Time resting spent in this place.
 E = Time spent auto-exploring this place.
 F = Levels seen in this place.
 G = Mean time per level.
                   A        B        C        D        E       F      G
               +--------+--------+--------+--------+--------+-----+--------+
         Total |  13063 |  12529 |    534 |    175 |   9426 |  19 |  687.5 |
       Dungeon |  10793 |  10341 |    452 |     17 |   8780 |  12 |  899.4 |
        Temple |     69 |     37 |     32 |      0 |     32 |   1 |   69.0 |
          Lair |    951 |    902 |     49 |     50 |    364 |   3 |  317.0 |
        Bailey |    454 |    454 |      0 |     20 |     98 |   1 |  454.0 |
      Ice Cave |    534 |    534 |      0 |     88 |    152 |   1 |  534.0 |
      Gauntlet |    258 |    258 |      0 |      0 |      0 |   1 |  258.0 |
               +--------+--------+--------+--------+--------+-----+--------+

Top non-repeatable levels by time:
     D:3: 1210 daAuts
     D:8: 1160 daAuts
    D:12: 1139 daAuts
     D:4: 1055 daAuts
     D:5: 939 daAuts
     D:9: 929 daAuts
    D:11: 828 daAuts
     D:6: 807 daAuts
     D:1: 773 daAuts
     D:2: 731 daAuts
     D:7: 677 daAuts
  Lair:1: 541 daAuts
    D:10: 540 daAuts
   IceCv: 534 daAuts
  Bailey: 454 daAuts

Levels and vault maps discovered:
D:1:      nzn_arrival_settlement, layout_loops_ring
D:2:      layout_basic, serial_glass, glass_columns_c, glass_columns_a,
          basic_altar, minmay_goblin_kobold_house, uniq_sigmund
D:3:      layout_basic, serial_rivers, chequers_serial_rivers_micro_a,
          chequers_serial_rivers_large_b, chequers_serial_rivers_large_a,
          chequers_serial_rivers_marsh, chequers_serial_rivers_small_3,
          chequers_serial_rivers_micro_e, minmay_misc_feat_secret_circle
D:4:      layout_basic, grunt_qazlal_clouds, temple_doors_e,
          hangedman_abyss_or_decor_passed, minmay_unequal
D:5:      kennysheep_six_static_rooms, layout_basic, st_stairs_9,
          cheibrodos_gnoll_hut
D:6:      layout_basic, biasface_ghost_orc_armoury,
          chequers_serial_rivers_small_b
D:7:      layout_loops_ring, enter_bailey_2, gammafunk_ghost_split
D:8:      layout_basic, dpeg_oklobed_lair, serial_shops, shop,
          kennysheep_generic_room_9
D:9:      layout_basic, grunt_livestock, dreamdust_mushroom_princess,
          nicolae_barding_shop
D:10:     layout_cave_pools, serial_shops, kennysheep_little_box
D:11:     layout_long_grid, orc_0_dummy, nicolae_trove_entry_crystal
D:12:     layout_irregular_city, serial_shops, shop, shop,
          nicolae_stop_n_shop_1, minivault_23, uniq_urug, uniq_fannar,
          uniq_sonja
Temple:   mainiacjoe_temple_archimedes_tessellation
Lair:1:   layout_big_grid, portal_ice_cave_entry_ice_simulacra,
          gauntlet_entry_generic, beast_lair_carwin_9, uniq_erica
Lair:2:   layout_regular_city, minmay_swamp_entry_worms, serial_bayou_shore_b
Lair:3:   layout_chaotic_city, spider_nest_entry_funnel_web
